Unix NetHack Version 5.0.0-0 post-release - last build Jul 14 2026 02:55:29 (1809b74e8187c3a3585e283601c3028b46cbbdcb,branch:main).

Game began 2026-07-17 02:55:06, ended 2026-07-17 21:02:30.

IanCurtis, chaotic male elven Wizard

       --------        #######################)####[########    -----------
       |..<....###     #---------------------------------  #####..........|
       |......|  ####  #|...............................|      #|.........|
       |......-  #######|.----....-----.----|--..-----..|      #|.........|
       ----.---      ###|.|..|---.|...-....|..|..|(((|..|      #-----------
                        |.|..|..|.|)_.|.|..|..|..|(((|..-#   ###
                        |.--||..|.|...|.--------.|...|..|#  ##
                        |....|..|.|...|....|../|.---|-..|#  #
                        |.{..--|-.----|....-.//|........|####
                        |..........|..|-+-[-----..-----.|#############
                        |....-|--..+..|..|........|.%%|.|# #    -----d--
                        |.--+|..|.----|..||---....-.!%|..#######....d@f|
                        |.|..|..|.|..?|--|.(.|---.-----.|# #    |...ddd|
                        |.|. |---.-.?.|..|...|..|....[..|# #### |......|
                ########|.|..|....|..[|..|(((|..+.......|#    ##|....j.|
                       #|.----....------|--------.....{.|#     #|......|
                       #|...............................|#     #|......|
                       #---------------------------------#      --------

IanCurtis the Thaumaturge  St:8 Dx:16 Co:16 In:18 Wi:12 Ch:9  Chaotic
Dlvl:6  $:40 HP:0(46) Pw:56(74) AC:9  Xp:7 T:3530  Burdened

Latest messages:
 In what direction? k
 The spell hits the werewolf!
 The werewolf resists!
 The werewolf bites!
 The housecat misses the werewolf.
 The werewolf bites!
 The housecat bites the werewolf.
 The werewolf misses the housecat.
 The housecat misses the werewolf.
 Are you sure you want to pray? [yes|no] yes
 You begin praying to Anhur.
 You are surrounded by a shimmering light.
 The werewolf summons help!
 A wolf suddenly appears next to you!
 The werewolf starts to attack you, but pulls back.
 The housecat misses the werewolf.
 The housecat misses the werewolf.
 The wolf starts to attack you, but pulls back.
 The werewolf summons help!
 A winter wolf suddenly appears next to you!
 A wolf suddenly appears next to you!
 A wolf suddenly appears next to you!
 The werewolf starts to attack you, but pulls back.
 The housecat misses the werewolf.
 The wolf starts to attack you, but pulls back.
 The wolf starts to attack you, but pulls back.
 The winter wolf starts to attack you, but pulls back.
 The wolf starts to attack you, but pulls back.
 The werewolf starts to attack you, but pulls back.
 The housecat misses the werewolf.
 You finish your prayer.
 You feel that Anhur is well-pleased.
 You feel much better.
 The wolf bites!
 The wolf bites!
 The winter wolf bites!
 The wolf bites!
 The werewolf bites!
 You avoid harm.
 The housecat bites the werewolf.
 The werewolf bites the housecat.
 In what direction? k
 The spell misses the werewolf.
 The spell hits the wolf!
 The wolf bites!
 The wolf bites!
 The winter wolf bites!
 The wolf bites!
 You die...
 Do you want your possessions identified? [ynq] (y) q

Inventory:
 Coins    ('$')
  $ - 40 gold pieces
 Amulets  ('"')
  u - an uncursed amulet of magical breathing
 Weapons  (')')
  a - a blessed +1 quarterstaff (weapon in hands)
 Armor    ('[')
  N - an uncursed +0 cornuthaum (being worn)
  b - an uncursed +0 cloak of magic resistance (being worn)
 Comestibles  ('%')
  z - a cursed cram ration
  Z - an uncursed lembas wafer
  A - an uncursed tripe ration
 Scrolls  ('?')
  H - a cursed scroll of blank paper
  s - an uncursed scroll of confuse monster
  j - an uncursed scroll of create monster
  J - 2 uncursed scrolls of identify
  r - an uncursed scroll of punishment
  v - an uncursed scroll of remove curse
  i - an uncursed scroll of taming
 Spellbooks  ('+')
  m - an uncursed spellbook of chain lightning
  t - an uncursed spellbook of extra healing
  l - a blessed spellbook of force bolt
 Potions  ('!')
  g - an uncursed potion of extra healing
  X - an uncursed potion of full healing
  w - an uncursed potion of gain energy
  R - an uncursed potion of gain level
  G - an uncursed potion of see invisible
  f - an uncursed potion of sleeping
  h - 2 uncursed potions of water
 Rings    ('=')
  B - an uncursed ring of invisibility
  e - an uncursed +1 ring of protection
  I - an uncursed ring of slow digestion
  p - a cursed ring of teleportation named cursed
  x - an uncursed ring of warning
 Wands    ('/')
  c - a wand of light (0:13)
  E - a cursed wand of probing (0:5)
  F - a wand of secret door detection (0:12)
 Tools    ('(')
  y - a bag of tricks (0:12)
  o - an uncursed wooden harp
  n - a magic marker (0:22)
  M - an uncursed oil lamp
  d - a +0 pick-axe
  k - an uncursed skeleton key
  Q - a cursed tallow candle
  O - an uncursed towel
 Gems/Stones  ('*')
  U - an uncursed flint stone

IanCurtis the Wizard's attributes:

Background:
 You were a Thaumaturge, a level 7 male elven Wizard.
 You were chaotic, on a mission for Anhur
 who was opposed by Ptah (lawful) and Thoth (neutral).
 You were left-handed.
 You were in the Gnomish Mines, on level 6.
 You entered the dungeon 3530 turns ago.
 There was a new moon in effect when your adventure ended.
 You had 743 experience points, 537 more were needed to attain level 8.

Basics:
 You had 0 out of 46 hit points.
 You had 56 out of 74 energy points (spell power).
 Your armor class was 9.
 Your wallet contained 40 zorkmids.
 Autopickup was off.

Final Characteristics:
 Your strength was 8 (peak:12, limit:18).
 Your dexterity was 16 (limit:18).
 Your constitution was 16 (limit:16).
 Your intelligence was 18 (limit:20).
 Your wisdom was 12 (limit:20).
 Your charisma was 9 (base:8, limit:18).

Final Status:
 You weren't hungry.
 You were burdened; movement was slightly slowed.
 You were wielding a quarterstaff.
 You had basic skill with quarterstaff and could have enhanced that.

Final Attributes:
 You were piously aligned.
 You were magic-protected.
 You were sleep resistant.
 You were telepathic.
 You were clairvoyant.
 You had infravision.
 You were warded.
 You are dead.

Miscellaneous:
 You didn't encounter any bones levels.
 Total elapsed playing time was 1 hour, 29 minutes and 21 seconds.

Major events:
 Turn
    1: IanCurtis the chaotic male elven Wizard entered the dungeon
  614: attained the rank of Conjurer (level 3)
  707: entered the Gnomish Mines
 1669: attained the rank of Thaumaturge (level 6)
 2883: reached Mine Town
 3530: killed by a wolf

Spells:
 Name                 Level Category     Fail Retention
 force bolt             1   attack         0%   81%-90%
 chain lightning        2   attack         0%   81%-90%
 extra healing          3   healing       71%  76%-100%

Skills:
 Fighting Skills
   bare handed combat [Unskilled]
   riding             [Unskilled]
 Weapon Skills
   dagger             [Unskilled]
   knife              [Unskilled]
   axe                [Unskilled]
   short sword        [Unskilled]
   club               [Unskilled]
   mace               [Unskilled]
   quarterstaff       [Basic]
   polearms           [Unskilled]
   spear              [Unskilled]
   trident            [Unskilled]
   sling              [Unskilled]
   dart               [Unskilled]
   shuriken           [Unskilled]
 Spellcasting Skills
   attack spells      [Basic]
   healing spells     [Unskilled]
   divination spells  [Unskilled]
   enchantment spells [Basic]
   clerical spells    [Unskilled]
   escape spells      [Unskilled]
   matter spells      [Unskilled]

Voluntary challenges:
 Character rerolling was not enabled.
 You never genocided any monsters.
 You never polymorphed an object.
 You never changed form.
 You used no wishes.
Achievements:
 You attained the rank of Conjurer.
 You entered the Gnomish Mines.
 You attained the rank of Thaumaturge.
 You entered Minetown.
 You entered a temple.
 You entered a shop.

 The Dungeons of Doom: levels 1 to 2
    Level 1:
    Level 2: "vault"
       Some fountains.
       Stairs down to The Gnomish Mines.
 The Gnomish Mines: levels 3 to 6
    Level 3:
    Level 4:
    Level 5:
    Level 6: <- You were here.
       Many shops, a temple and an altar, some fountains.
       Final resting place for
          you, killed by a wolf.


Vanquished creatures:
  a wolf
  a dust vortex
  a raven
  a gnome mummy
  a rock mole
  a pony
  a fog cloud
  a shrieker
  4 gnome leaders
  2 gnomish wizards
  2 floating eyes
  7 dwarves
  a kobold shaman
 10 hill orcs
  4 rothes
  a giant bat
  2 dwarf zombies
  2 iguanas
  2 gas spores
  a hobbit
  4 manes
  a large kobold
  a hobgoblin
  a giant rat
  a green mold
  a red mold
 31 gnomes
  2 garter snakes
  2 geckos
  4 jackals
  2 foxes
  3 kobolds
  a goblin
  4 grid bugs
  3 lichens
  a kobold zombie
  a newt
109 creatures vanquished.

No species were genocided or became extinct.

Game over:
                       ----------
                      /          \
                     /    REST    \
                    /      IN      \
                   /     PEACE      \
                  /                  \
                  |    IanCurtis     |
                  |      40 Au       |
                  | killed by a wolf |
                  |                  |
                  |                  |
                  |                  |
                  |       2026       |
                 *|     *  *  *      | *
        _________)/\\_//(\/(/\)/\//\/|_)_______

Goodbye IanCurtis the Wizard...

You died in The Gnomish Mines on dungeon level 6 with 3258 points,
and 40 pieces of gold, after 3530 moves.
You were level 7 with a maximum of 46 hit points when you died.

